 Dungeon Crawl Stone Soup version 0.20.1-1-g8b1a95d (console) character file.

156 hilaritas the Digger (level 5, -2/28 HPs)
             Began as a Deep Elf Earth Elementalist on Feb 23, 2018.
             Was an Initiate of Sif Muna.
             Killed by nerve-wracking pain
             ... invoked by Grinder
              (13 damage)
             ... on level 3 of the Dungeon.
             The game lasted 00:09:15 (3358 turns).

hilaritas the Digger (Deep Elf Earth Elementalist)  Turns: 3358, Time: 00:09:16

Health: -2/28      AC:  3    Str:  5    XL:     5   Next: 15%
Magic:  0/11       EV: 12    Int: 21    God:    Sif Muna [......]
Gold:   195        SH:  4    Dex: 15    Spells: 1/10 levels left

rFire    . . .     SeeInvis .   a - +1 dagger
rCold    . . .     Gourm    .   o - +0 buckler
rNeg     . . .     Faith    .   c - +1 robe
rPois    .         Spirit   .   (no helmet)
rElec    .         Reflect  .   (no cloak)
rCorr    .         Harm     .   (no gloves)
MR       .....                  (no boots)
Stlth    ++........             (no amulet)
Regen    0.1/turn               (no ring)
MPRegen  0.2/turn               (no ring)

@: flying
A: no striking features
a: Renounce Religion


You were on level 3 of the Dungeon.
You worshipped Sif Muna.
Sif Muna was noncommittal.
You were not hungry.

You visited 1 branch of the dungeon, and saw 3 of its levels.

You collected 195 gold pieces.

Inventory:

Hand Weapons
 a - a +1 dagger (weapon)
Missiles
 b - 20 stones (quivered)
Armour
 c - a +1 robe (worn)
 o - a +0 buckler (worn)
Scrolls
 k - 2 scrolls of magic mapping
 m - 3 scrolls of recharging
 p - 3 scrolls of fear
Potions
 g - a potion of haste {unknown}
 i - 2 potions of flight
 j - a potion of curing
Books
 e - a book of Geomancy

   Spells                             Type                      Level
   a - Sandblast                      Earth                        1
   b - Passwall                       Transmutation/Earth          2
   c - Stone Arrow                    Conjuration/Earth            3
   d - Petrify                        Transmutation/Earth          4
   e - Lee's Rapid Deconstruction     Earth                        5
Comestibles
 d - 3 bread rations
 f - a royal jelly
 n - a meat ration


   Skills:
 - Level 2.4 Dodging
 - Level 2.4 Stealth
 * Level 1.7 Shields
 + Level 3.1 Spellcasting
 - Level 2.1 Conjurations
   Level 1.1 Transmutations
 - Level 5.2 Earth Magic
 * Level 0.4 Invocations


You had one spell level left.
You knew the following spells:

 Your Spells              Type           Power        Failure   Level  Hunger
a - Sandblast             Erth           ####..       1%          1    None
b - Stone Arrow           Conj/Erth      ###...       12%         3    ###....
c - Lee's Rapid Deconstr  Erth           ####......   50%         5    ######.


Dungeon Overview and Level Annotations

Branches:
Dungeon (3/15)

Altars:
Gozag
Sif Muna
The Shining One

Annotations:
D:3 Grinder


Message History

Grinder blinks!
Casting: Sandblast
Confirm with . or Enter, or press ? or * to list all spells.
Aiming: Sandblast
Press: ? - help, Shift-Dir - straight line, f/p - Grinder
Aim: Grinder (almost dead)
The blast of sand hits the kobold.
You kill the kobold!
Sif Muna accepts your kill.
b - 20 stones Grinder blinks!
Unknown command.
Grinder gestures at you. Pain shoots through your body!
* * * LOW HITPOINT WARNING * * *
Unknown command.
It was a potion of curing.
You feel better. Grinder gestures at you. Pain shoots through your body!
You die...

#..#..#.######...
........# ##..
........# #.. ..
...###.### #..
.####.# #. #.. #
.#.(.# #. #.. ..#
....# # #..
..#...####.# #..
.........# ##.
#....5..# #.
##@## #.
#...######
######.
#.#......#
#.†....
#...####.#
#.##### ##### #.#
#.# #.# #.# #.#
#.# #.# #.# #.#
#.#
#######.####.###
.....)......)#.##


You could see Grinder.

Vanquished Creatures
  3 gnolls (D:2)
  5 adders
  An ooze (D:2)
  3 worms (D:2)
  A dart slug (D:2)
  2 orcs
  8 bats
  2 giant cockroaches
  3 hobgoblins
  12 jackals
  9 kobolds
  3 quokkas
  A ball python (D:2)
  4 frilled lizards
  4 goblins
  7 rats
68 creatures vanquished.

Notes
Turn   | Place    | Note
-------+----------+-------------------------------------------
     0 | D:1      | hilaritas the Deep Elf Earth Elementalist began the quest for the Orb.
     0 | D:1      | Reached XP level 1. HP: 10/10 MP: 6/6
     2 | D:1      | Noticed a dwarf
     2 | D:1      | Noticed an octopode
     4 | D:1      | Noticed an elf
     4 | D:1      | Noticed a vampire
     6 | D:1      | Noticed a troll
     6 | D:1      | Noticed a vine stalker
     8 | D:1      | Noticed a tengu
     8 | D:1      | Noticed a ghoul
    10 | D:1      | Noticed a halfling
    10 | D:1      | Noticed a formicid
    12 | D:1      | Noticed a centaur
    14 | D:1      | Noticed a spriggan
    14 | D:1      | Noticed a draconian
    16 | D:1      | Noticed a demigod
    16 | D:1      | Noticed an ogre
    18 | D:1      | Noticed a human
    20 | D:1      | Noticed a gargoyle
    22 | D:1      | Noticed a felid
    24 | D:1      | Noticed a demonspawn
    24 | D:1      | Noticed a naga
    26 | D:1      | Noticed a minotaur
    26 | D:1      | Noticed a merfolk
   348 | D:1      | Reached XP level 2. HP: 15/15 MP: 5/8
   401 | D:1      | Reached skill level 4 in Earth Magic
  1080 | D:2      | Reached XP level 3. HP: 19/19 MP: 6/9
  1082 | D:2      | Reached skill level 5 in Earth Magic
  1136 | D:2      | Learned a level 3 spell: Stone Arrow
  1223 | D:2      | Reached XP level 4. HP: 24/24 MP: 6/10
  1410 | D:2      | Reached skill level 1 in Shields
  1546 | D:2      | Reached skill level 1 in Conjurations
  1723 | D:2      | Found a glowing golden altar of the Shining One.
  2155 | D:2      | Found an opulent altar of Gozag.
  3014 | D:3      | Reached XP level 5. HP: 28/28 MP: 9/11
  3076 | D:3      | Found a deep blue altar of Sif Muna.
  3125 | D:3      | Became a worshipper of Sif Muna the Loreminder
  3201 | D:3      | Learned a level 5 spell: Lee's Rapid Deconstruction
  3337 | D:3      | Noticed Grinder
  3357 | D:3      | HP: 2/28 [Grinder/nerve-wracking pain (11)]
  3358 | D:3      | Killed from afar by Grinder

Skill      XL: |  1  2  3  4 |
---------------+-------------+-----
Earth Magic    | 4 5 |  5.2
Shields        | 1 |  1.7
Conjurations   | 2 |  2.1
Dodging        | |  2.4
Stealth        | |  2.4
Spellcasting   | |  3.1
Transmutations | |  1.1
Invocations    | |  0.4

Action                   |  1- 3 |  4- 6 || total
-------------------------+-------+-------++-------
Melee: Dagger            |       |    31 ||    31
Throw: Stone             |     1 |       ||     1
 Cast: Sandblast         |    39 |    38 ||    77
       Stone Arrow       |       |    27 ||    27
  Use: Scroll            |     7 |     4 ||    11
       Potion            |       |     2 ||     2
  Eat: Chunk             |     1 |     9 ||    10
Armor: Robe              |     2 |     5 ||     7
Dodge: Dodged            |     9 |    25 ||    34
Block: Buckler           |       |     9 ||     9
